 Dungeon Crawl Stone Soup version 0.17-a0-1900-g45e8110 (webtiles) character file.

1325 Anothat the Firebug (level 8, -4/41 HPs)
             Began as a Deep Elf Fire Elementalist on Sept 24, 2015.
             Was a Follower of Vehumet.
             Slain by a sky beast (5 damage)
             ... on level 6 of the Dungeon.
             The game lasted 00:27:08 (6114 turns).

Anothat the Firebug (Deep Elf Fire Elementalist)    Turns: 6114, Time: 00:27:08

Health: -4/41      AC:  3    Str:  5    XL:     8   Next: 34%
Magic:  10/15      EV: 10    Int: 23    God:    Vehumet [*.....]
Gold:   311        SH:  0    Dex: 15    Spells: 3 memorised, 8 levels left

rFire  . . .     SeeInvis .     k - +2 short sword (venom)
rCold  . . .     Clarity  .     a - +0 robe
rNeg   . . .     SustAt   .     (no shield)
rPois  +         Gourm    .     (no helmet)
rElec  .         Spirit   .     (no cloak)
rCorr  .         Warding  .     t - +0 pair of gloves
rMut   .         Stasis   .     (no boots)
MR     +....                    (no amulet)
Stlth  ++........               y - ring of poison resistance
                                q - ring of protection from magic

@: somewhat resistant to hostile enchantments, unstealthy
A: no striking features
a: Renounce Religion


You were on level 6 of the Dungeon.
You worshipped Vehumet.
Vehumet was aware of your devotion.
You were full.

You visited 1 branch of the dungeon, and saw 6 of its levels.

You collected 311 gold pieces.

Inventory:

Hand weapons
 h - a +0 club
 j - a +0 dagger
 k - a +2 short sword of venom (weapon)
Armour
 a - a +0 robe (worn)
 t - a +0 pair of gloves (worn)
Jewellery
 d - an uncursed ring of positive energy {unknown}
 q - a ring of protection from magic (left hand)
 y - a ring of poison resistance (right hand)
Magical devices
 B - a wand of disintegration (5)
Scrolls
 m - a scroll of immolation {unknown}
 n - a scroll of enchant armour {unknown}
 o - a scroll of recharging {unknown}
 p - a scroll of blinking {unknown}
 r - a scroll of fog {unknown}
 s - 3 scrolls of fear {unknown}
 u - 3 scrolls of amnesia {unknown}
 v - 3 scrolls of teleportation {unknown}
 w - 2 scrolls of random uselessness {unknown}
 D - a scroll of remove curse {unknown}
 F - a scroll of enchant weapon {unknown}
Potions
 e - a potion of resistance
 g - 2 potions of haste
 i - a potion of brilliance
 l - a potion of agility {unknown}
 z - a potion of flight {unknown}
 A - 2 potions of mutation
 C - a potion of might
 E - a potion of magic {unknown}
Books
 b - a book of Flames

   Spells                             Type                      Level
   a - Flame Tongue                   Conjuration/Fire             1
   b - Throw Flame                    Conjuration/Fire             2
   c - Conjure Flame                  Conjuration/Fire             3
   d - Inner Flame                    Hexes/Fire                   3
   e - Sticky Flame                   Conjuration/Fire             4
   f - Fireball                       Conjuration/Fire             5
 x - a book of Clouds

   Spells                             Type                      Level
   a - Mephitic Cloud                 Conjuration/Poison/Air       3
   b - Conjure Flame                  Conjuration/Fire             3
   c - Poisonous Cloud                Conjuration/Poison/Air       6
   d - Freezing Cloud                 Conjuration/Ice/Air          6
   e - Ring of Flames                 Charms/Fire                  7
Comestibles
 c - 6 bread rations
 f - a meat ration


   Skills:
 - Level 5.1 Dodging
 - Level 2.4 Stealth
 - Level 3.9 Spellcasting
 * Level 7.5 Conjurations
 * Level 7.5 Fire Magic


You had 8 spell levels left.
You knew the following spells:

 Your Spells              Type           Power        Failure   Level  Hunger
a - Flame Tongue          Conj/Fire      #####        1%          1    None
b - Throw Flame           Conj/Fire      #####.       1%          2    #......
c - Conjure Flame         Conj/Fire      #####...     1%          3    ##.....


Dungeon Overview and Level Annotations

Branches:
Dungeon (6/15)
 Temple: D:4-7

Altars:
Ashenzari
Cheibriados
Dithmenos
Qazlal
Ru
Sif Muna
Vehumet


Message History

Aiming: Conjure Flame
Press: ? - help, Dir - move target cursor You see a ghostly outline there, and the spell fizzles.
Something hits you.
* * * LOW HITPOINT WARNING * * *
Something shocks you.
* * * LOW HITPOINT WARNING * * *
Drink which item? (? for menu, Esc to quit)
Okay, then.
Drink which item? (? for menu, Esc to quit)
Okay, then.
A sky beast appears from thin air!
Reactivating autopickup.
The sky beast flickers out of sight!
Deactivating autopickup; reactivate with Ctrl-A.
There is a stone staircase leading down here.
Something hits you.
* * * LOW HITPOINT WARNING * * *
Something shocks you.
You die...

########.##.......##
#........#####.####
##.######## #.#
##..# #.# ...## #.#
#### #.# # #.# #.#
#@# #.# ## #.# .####
#.# ....# #.# ....#
#.# ....# #.###
....## #...#
.....###########...#


There were no monsters in sight!

Vanquished Creatures
  A water moccasin (D:5)
  Duvessa (D:4)
  2 ogres (D:5)
  A centaur (D:6)
  An orc warrior (D:6)
  A giant frog (D:4)
  Dowan (D:4)
  A crimson imp (D:5)
  A hound (D:5)
  6 orc wizards
  2 orc priests (D:4)
  4 worker ants
  2 iguanas
  3 gnolls (D:4)
  8 adders
  A shadow imp (D:6)
  An ooze (D:3)
  An adder zombie (D:6)
  3 adder skeletons
  2 giant geckos
  11 orcs
  4 bats
  11 goblins
  10 hobgoblins
  13 jackals
  10 kobolds
  A ball python (D:2)
  8 giant cockroaches
  A giant cockroach zombie (D:5)
  2 giant gecko skeletons
  5 giant newts
  2 quokkas
  6 rats
  A bush (D:3)
128 creatures vanquished.

Notes
Turn   | Place    | Note
--------------------------------------------------------------
     0 | D:1      | Anothat the Deep Elf Fire Elementalist began the quest for the Orb.
     0 | D:1      | Reached XP level 1. HP: 10/10 MP: 6/6
   196 | D:1      | Reached XP level 2. HP: 15/15 MP: 5/8
   609 | D:1      | Learned a level 2 spell: Throw Flame
   946 | D:1      | Reached XP level 3. HP: 19/19 MP: 8/10
  1123 | D:2      | Found a shadowy altar of Dithmenos.
  1257 | D:2      | Learned a level 3 spell: Conjure Flame
  1371 | D:2      | Reached skill level 4 in Fire Magic
  1624 | D:2      | Reached XP level 4. HP: 24/24 MP: 9/11
  2224 | D:3      | Found a radiant altar of Vehumet.
  2226 | D:3      | Found a sacrificial altar of Ru.
  2279 | D:3      | Found a deep blue altar of Sif Muna.
  2282 | D:3      | Became a worshipper of Vehumet
  2451 | D:4      | Reached XP level 5. HP: 16/28 MP: 0/12
  3337 | D:4      | Reached skill level 5 in Fire Magic
  3337 | D:4      | Reached XP level 6. HP: 32/32 MP: 2/13
  3686 | D:4      | Noticed Duvessa
  3686 | D:4      | Noticed Dowan
  3704 | D:4      | Killed Duvessa
  3704 | D:4      | Reached skill level 5 in Dodging
  3704 | D:4      | Reached skill level 5 in Conjurations
  3796 | D:4      | Killed Dowan
  3796 | D:4      | Reached XP level 7. HP: 31/36 MP: 5/14
  4340 | D:5      | Entered Level 5 of the Dungeon
  4656 | D:5      | Acquired Vehumet's first power
  4656 | D:5      | Offered knowledge of Sandblast by Vehumet.
  4722 | D:5      | Reached skill level 6 in Conjurations
  5005 | D:5      | Found a snail-covered altar of Cheibriados.
  5033 | D:5      | Found a stormy altar of Qazlal.
  5033 | D:5      | Found a shattered altar of Ashenzari.
  5231 | D:5      | Reached XP level 8. HP: 41/41 MP: 8/15
  5442 | D:6      | Reached skill level 7 in Fire Magic
  6104 | D:6      | HP: 2/41 [something (6)]
  6114 | D:6      | HP: 1/41 [something (2)]
  6114 | D:6      | Slain by a sky beast

Vault maps used:
D:1:      dpeg_arrival_more_subterranean_lakeside_camping
D:2:      nicolae_dithmenos_shadow_blocks, first_bread
D:3:      gammafunk_temple_overflow_forgotten, supply_closet_lemuel
D:4:      uniq_duvessa
D:5:      grunt_temple_overflow_open, hangedman_decor_peaks_small

Action                   |  1- 3 |  4- 6 |  7- 9 || total
-------------------------+-------+-------+-------++-------
Melee: Unarmed           |     2 |       |       ||     2
       Short sword       |     1 |    53 |    19 ||    73
 Cast: Flame Tongue      |    77 |    62 |    51 ||   190
       Throw Flame       |     1 |    32 |    67 ||   100
       Conjure Flame     |       |     1 |     2 ||     3
  Use: Potion            |       |     2 |       ||     2
       Scroll            |       |       |     4 ||     4
  Eat: Chunk             |     2 |     3 |     6 ||    11
       Fruit             |       |     3 |       ||     3
       Beef jerky        |       |     1 |       ||     1
       Meat ration       |       |       |     1 ||     1
       Pizza             |       |       |     1 ||     1
